 Dungeon Sprint DCSS version 0.30.1-11-g7821555f0a (webtiles) character file.

Game seed: 10960109908408836129

2421 Groucho the Geomancer (level 9, -12/53 HPs)
             Began as a Gargoyle Earth Elementalist on Jan 6, 2024.
             Was a High Priest of Sif Muna.
             Mangled by a freezing wraith (23 damage)
             ... in the Dungeon (Sprint VII: "The Pits").
             The game lasted 00:08:17 (3014 turns).

Groucho the Geomancer (Gargoyle Earth Elementalist) Turns: 3014, Time: 00:08:17

Health: -12/53     AC: 17    Str: 13    XL:     9   Next: 48%
Magic:  7/20       EV: 16    Int: 19    God:    Sif Muna [*****.]
Gold:   0          SH:  0    Dex: 10    Spells: 10/23 levels left

rFire   . . .        r - +2 morningstar (protect)
rCold   . . .        (no shield)
rNeg    + . .        m - +3 ring mail
rPois   ∞            (no helmet)
rElec   +            t - +0 cloak
rCorr   .            u - +0 pair of gloves
SInv    .            (no boots)
Will    .....        (no amulet)
Stlth   ++           a - +3 ring of evasion
HPRegen 0.28/turn    i - +3 ring of evasion
MPRegen 0.17/turn

%: no teleportation
@: slowed, very slow
A: sickness immunity, AC +6, negative energy resistance 1, electricity
resistance, torment resistance 1, petrification resistance
a: Renounce Religion, Channel Magic, Forget Spell, Divine Exegesis


You were in the Dungeon.
You worshipped Sif Muna.
Sif Muna was extremely pleased with you.
You visited 1 branch

Inventory:

Hand Weapons
 h - a +2 dagger
 q - a +2 halberd of venom
 r - a +2 morningstar of protection (weapon)
 s - a +2 rapier of electrocution
Armour
 m - a +3 ring mail (worn)
 t - a +0 cloak (worn)
 u - a +0 pair of gloves (worn)
Jewellery
 a - a +3 ring of evasion (left hand)
 i - a +3 ring of evasion (right hand)
Scrolls
 g - a scroll of blinking
 k - 5 scrolls of amnesia
 l - a scroll of butterflies
Potions
 b - 4 potions of magic
 c - 5 potions of curing
 d - 9 potions of heal wounds
 e - 4 potions of haste
 f - 3 potions of berserk rage
 j - 2 potions of invisibility
 o - 2 potions of mutation
 p - a potion of brilliance


   Skills:
 + Level 4.9 Fighting
 + Level 4.0 Short Blades
 + Level 4.4 Maces & Flails
 + Level 4.9 Armour
 - Level 1.5 Dodging
 + Level 5.9 Stealth
 + Level 7.9 Spellcasting
 + Level 9.1 Conjurations
 + Level 7.0 Transmutations
 + Level 11.7 Earth Magic
 + Level 7.8 Invocations


You had 10 spell levels left.
You knew the following spells:

 Your Spells              Type           Power      Damage    Failure   Level
a - Sandblast             Erth           100%       2d20      1%          1
b - Stone Arrow           Conj/Erth      94%        3d12      1%          3
c - Petrify               Tmut/Erth      43%        N/A       3%          4
d - Lee's Rapid Deconstr  Erth           25%        3d14*     4%          5

Your spell library contained the following spells:

 Spells                   Type           Power      Damage    Failure   Level
 Passwall                 Tmut/Erth      35%        N/A       1%          2
 Fulminant Prism          Conj/Hex       12%        3d9       28%         4
 Iskenderun's Mystic Bla  Conj/Tloc      24%        2d7       28%         4
 Volatile Blastmotes      Fire/Tloc      14%        2d11      50%         3


Dungeon Overview and Level Annotations

Branches:
Dungeon (1/1)

Altars:
Ashenzari
Cheibriados
Dithmenos
Elyvilon
Fedhas
Gozag
Hepliaklqana
Kikubaaqudgha
Makhleb
Nemelex Xobeh
Okawaru
Qazlal
Ru
Sif Muna
Trog
Uskayaw
Vehumet
Wu Jian
Xom
Yredelemnul
Zin
The Shining One
Jiyva
Lugonu


Innate Abilities, Weirdness & Mutations

You are immune to sickness and miasma.
Your stone body is resilient. (AC +6)
You are immune to poison.
You resist negative energy. (rN+)
You are resistant to electric shocks. (rElec)
You are resistant to unholy torment.
You are immune to petrification.


Message History

The freezing wraith closely misses you. The freezing wraith misses you.
The freezing wraith hits you but does no damage.
The freezing wraith misses you.
You barely miss the freezing wraith.
The freezing wraith is heavily damaged.
The freezing wraith closely misses you. The freezing wraith hits you!
You completely miss the freezing wraith.
The freezing wraith is heavily damaged.
The freezing wraith hits you but does no damage.
The freezing wraith closely misses you.
You barely miss the freezing wraith.
The freezing wraith is heavily damaged.
The freezing wraith misses you. The freezing wraith barely misses you.
The freezing wraith hits you but does no damage.
The freezing wraith completely misses you.
You thump the freezing wraith!
Your weapon exudes an aura of protection.
The freezing wraith is severely damaged.
The freezing wraith hits you. The freezing wraith freezes you!!
The freezing wraith barely misses you.
You are too injured to fight recklessly!
Aiming: Stone Arrow (safe; 1% risk of failure)
Press: ? - help, Q - select action, (/) - cycle Shift-Dir - straight line, f/p - freezing wraith
Aim: a freezing wraith (severely damaged, 76% to hit)
The stone arrow hits the freezing wraith.
The freezing wraith is severely damaged.
The freezing wraith hits you but does no damage.
The freezing wraith hits you! The freezing wraith drains your vigour!
You feel yourself slow down.
Unknown command.
Unknown command.
Aiming: Stone Arrow (safe; 1% risk of failure)
Press: ? - help, Q - select action, (/) - cycle Shift-Dir - straight line, f/p - freezing wraith
Aim: a freezing wraith (severely damaged, 76% to hit)
The stone arrow hits the freezing wraith!
The freezing wraith is almost destroyed.
The freezing wraith hits you!
* * * LOW HITPOINT WARNING * * *
The freezing wraith freezes you!!
You die...

)#[.##................#
)#))#####'#####''#####
.#))##.......##''#####
##))##.......##......#
.#..##.......##....###
.#'###...<...##...##
....##.......##..##
....##.......##..#
######.......##.@# .#..
##########..W..+
.#.############..#..#
.#.#.)..#....##..#..#
.#)#....#..[.##..##..#
.#['....'...)##...##.+
.#)#....#....##....###
.'.#....#..))##......#
######################


You could see a freezing wraith.

Vanquished Creatures
  Sonja (D)
  A sea snake (D)
  A smoke demon (D)
  A hellwing (D)
  A hornet (D)
  Sigmund (D)
  A redback (D)
  2 floating eyes (D)
  A phantom (D)
  A quasit (D)
  An orc priest (D)
  An orc wizard (D)
  2 adders (D)
  An adder zombie (D)
  2 orcs (D)
  2 endoplasms (D)
  3 goblins (D)
  A hobgoblin (D)
  A quokka (D)
  A ball python (D)
  2 kobolds (D)
28 creatures vanquished.

Notes
Turn   | Place    | Note
-------+----------+-------------------------------------------
     0 | D        | Groucho the Gargoyle Earth Elementalist began the quest for
                  | the Orb.
     0 | D        | Reached XP level 1. HP: 10/10 MP: 3/3
    11 | D        | Reached skill level 1 in Conjurations
    11 | D        | Reached skill level 1 in Transmutations
    11 | D        | Reached skill level 4 in Earth Magic
    43 | D        | Found a glowing golden altar of the Shining One.
    43 | D        | Found a glowing silver altar of Zin.
    43 | D        | Found a basalt altar of Yredelemnul.
    43 | D        | Found a shimmering altar of Xom.
    43 | D        | Found an ornate altar of the Wu Jian Council.
    43 | D        | Found a bloodstained altar of Trog.
    43 | D        | Found a shimmering blue altar of Sif Muna.
    43 | D        | Found a sacrificial altar of Ru.
    43 | D        | Found a stormy altar of Qazlal.
    43 | D        | Found an iron altar of Okawaru.
    43 | D        | Found a sparkling altar of Nemelex Xobeh.
    43 | D        | Found a burning altar of Makhleb.
    43 | D        | Found a viscous altar of Jiyva.
    43 | D        | Found a hazy altar of Hepliaklqana.
    43 | D        | Found an opulent altar of Gozag.
    43 | D        | Found a blossoming altar of Fedhas.
    43 | D        | Found a white marble altar of Elyvilon.
    43 | D        | Found a shadowy altar of Dithmenos.
    43 | D        | Found a snail-covered altar of Cheibriados.
    44 | D        | Found a radiant altar of Vehumet.
    44 | D        | Found a corrupted altar of Lugonu.
    45 | D        | Found an ancient bone altar of Kikubaaqudgha.
    45 | D        | Found a hide-covered altar of Uskayaw.
    45 | D        | Found a broken altar of Ashenzari.
    48 | D        | Became a worshipper of Sif Muna the Loreminder
    58 | D        | Reached XP level 2. HP: 15/15 MP: 1/5
   201 | D        | Noticed a floating eye
   202 | D        | Reached * piety under Sif Muna
   202 | D        | Paralysed by a floating eye for 4 turns
   208 | D        | Killed a floating eye
   209 | D        | Reached skill level 7 in Earth Magic
   209 | D        | Reached XP level 3. HP: 19/19 MP: 1/8
   209 | D        | Reached XP level 4. HP: 24/24 MP: 1/10
   549 | D        | Learned a level 3 spell: Stone Arrow
   554 | D        | Learned a level 4 spell: Petrify
   555 | D        | Noticed a phantom
   561 | D        | Reached ** piety under Sif Muna
   562 | D        | Reached skill level 8 in Earth Magic
   562 | D        | Reached XP level 5. HP: 25/28 MP: 4/11
   595 | D        | Killed a phantom
   596 | D        | Reached skill level 5 in Conjurations
   911 | D        | Noticed a floating eye
   924 | D        | Reached skill level 5 in Spellcasting
   930 | D        | Paralysed by a floating eye for 3 turns
   934 | D        | Killed a floating eye
   934 | D        | Reached *** piety under Sif Muna
   935 | D        | Reached skill level 9 in Earth Magic
   935 | D        | Reached XP level 6. HP: 32/32 MP: 1/14
  1259 | D        | Noticed Sigmund
  1263 | D        | Killed Sigmund
  1264 | D        | Reached skill level 5 in Transmutations
  1264 | D        | Reached skill level 10 in Earth Magic
  1264 | D        | Reached skill level 5 in Invocations
  1264 | D        | Reached XP level 7. HP: 36/36 MP: 8/16
  1415 | D        | Reached **** piety under Sif Muna
  1436 | D        | Noticed a redback
  1438 | D        | Killed a redback
  2081 | D        | Noticed Sonja
  2082 | D        | Reached ***** piety under Sif Muna
  2082 | D        | Noticed a hellwing
  2088 | D        | Killed Sonja
  2088 | D        | Received a gift from Sif Muna
  2089 | D        | Reached skill level 11 in Earth Magic
  2089 | D        | Reached XP level 8. HP: 34/46 MP: 3/18
  2098 | D        | Killed a hellwing
  2489 | D        | Learned a level 5 spell: Lee's Rapid Deconstruction
  2490 | D        | Noticed a sea snake
  2510 | D        | Killed a sea snake
  2511 | D        | Reached skill level 5 in Stealth
  2511 | D        | Reached XP level 9. HP: 52/52 MP: 20/20
  2527 | D        | Noticed a smoke demon
  2527 | D        | Noticed a hornet
  2531 | D        | Killed a smoke demon
  2533 | D        | Killed a hornet
  3003 | D        | Noticed a freezing wraith
  3014 | D        | Mangled by a freezing wraith

Illustrated notes

Levels and vault maps discovered:
D:        pitsprint [storerooms_1, entrance_room_1, metal_vault_6, armoury_2,
          mini_pit_1, grid_room_1, main_hall_1, silver_pit, the_coven_1,
          the_vestibule_1, steel_vault_1, golden_pit, hallway_of_sentries,
          crystal_vault_1, iron_vault_4, final_vault]

Skill      XL: |  1  2  3  4  5  6  7  8  9 |
---------------+----------------------------+-----
Conjurations   | 1 4 6 7 8 9 |  9.1
Transmutations | 1 3 4 5 6 7 |  7.0
Earth Magic    | 4 7 8 9 10 11 | 11.7
Spellcasting   | 4 5 6 7 |  7.9
Invocations    | 4 5 6 7 |  7.8
Fighting       | 3 4 |  4.9
Short Blades   | 2 3 4 |  4.0
Maces & Flails | 2 3 4 |  4.4
Armour         | 3 4 |  4.9
Stealth        | 4 5 |  5.9
Dodging        | |  1.5

Action                     |  1- 3 |  4- 6 |  7- 9 || total
---------------------------+-------+-------+-------++-------
  Melee: Flail             |       |     2 |       ||     2
         Dagger            |       |       |     6 ||     6
         Morningstar       |       |       |     6 ||     6
   Cast: Sandblast         |     8 |     4 |       ||    12
         Stone Arrow       |       |    11 |    41 ||    52
         Petrify           |       |       |     3 ||     3
 Invoke: Channel Magic     |       |       |     3 ||     3
    Use: Potion            |       |     1 |     3 ||     4
   Stab: Petrified         |       |       |     6 ||     6
 Armour: Ring mail         |       |       |    27 ||    27
         Robe              |       |       |     1 ||     1
  Dodge: Dodged            |       |     3 |    28 ||    31
